 Dungeon Crawl Stone Soup version 0.24.0-125-gc4c63601f3 (webtiles) character file.

Game seed: 7378039105151086245, levelgen mode: deterministic

2611 BuffBuff the Cleaver (level 9, 0/79 HPs)
             Began as a Minotaur Berserker on Mar 19, 2020.
             Was a High Priest of Trog.
             Slain by a gnoll
             ... wielding a +0 spear
              (3 damage)
             ... in a bailey.
             The game lasted 00:20:18 (7307 turns).

BuffBuff the Cleaver (Minotaur Berserker)           Turns: 7307, Time: 00:20:18

Health: 0/79       AC:  8    Str: 26    XL:     9   Next: 34%
Magic:  8/8        EV: 13    Int:  4    God:    Trog [*****.]
Gold:   234        SH:  0    Dex:  9    Spells: 8/8 levels left

rFire    . . .     SeeInvis .   b - +0 war axe
rCold    . . .     Gourm    .   (no shield)
rNeg     . . .     Faith    .   q - +1 scale mail
rPois    .         Spirit   .   (helmet restricted)
rElec    .         Reflect  .   (no cloak)
rCorr    .         Harm     +   (no gloves)
MR       .....                  (no boots)
Stlth    ..........             e - amulet of harm
HPRegen  0.23/turn              (no ring)
MPRegen  0.11/turn              (no ring)

@: no status effects
A: retaliatory headbutt, horns 2
a: Berserk, Trog's Hand, Brothers in Arms, Renounce Religion


You were in a bailey.
You worshipped Trog.
Trog was extremely pleased with you.
You were not hungry.

You visited 1 branch of the dungeon, and saw 8 of its levels.
You also visited: Ossuary and Bailey.

You collected 234 gold pieces.

Inventory:

Hand Weapons
 a - a +0 hand axe
 b - a +0 war axe (weapon)
Missiles
 f - 22 poisoned darts (quivered)
Armour
 q - a +1 scale mail (worn)
Jewellery
 e - an amulet of harm (around neck)
Wands
 o - a wand of random effects (28)
 w - a wand of flame (16)
 x - a wand of iceblast (12)
 z - a wand of disintegration (13)
Scrolls
 j - 5 scrolls of teleportation
 k - 6 scrolls of fog
 m - 7 scrolls of remove curse
 r - 5 scrolls of enchant armour
 s - 3 scrolls of blinking
Potions
 d - 3 potions of agility
 i - a potion of ambrosia
 l - 2 potions of brilliance
 p - 5 potions of curing
 t - 2 potions of might
 v - 2 potions of lignification
Comestibles
 c - 6 rations


   Skills:
 + Level 7.6 Fighting
 * Level 10.3 Axes
 + Level 7.2 Armour
 + Level 6.6 Dodging


You had 8 spell levels left.
You didn't know any spells.
Your spell library was empty.

Dungeon Overview and Level Annotations

Branches:
Dungeon (8/15)             Temple (0/1) D:4         Ossuary (visited)
 Bailey (1/1)
   Lair: D:8-11

Altars:
Elyvilon


Innate Abilities, Weirdness & Mutations

You reflexively headbutt those who attack you in melee.
You have a pair of horns on your head.


Message History

You eat one of the 7 rations.
That ration really hit the spot!
You can't drink that!
e - an amulet of harm (around neck) Careful!
You are starting to lose your buoyancy.
The gnoll sergeant hits you from afar with a +0 glaive.
* * * LOW HITPOINT WARNING * * *
The gnoll sergeant hits you with a +0 glaive.
* * * LOW HITPOINT WARNING * * *
The gnoll misses you.
The gnoll sergeant hits you but does no damage.
The gnoll hits you but does no damage. The gnoll barely misses you.
The gnoll sergeant closely misses you.
The gnoll sergeant hits you but does no damage.
You hit the gnoll sergeant.
You headbutt the gnoll sergeant, but do no damage.
The gnoll sergeant is moderately wounded.
You barely miss the gnoll.
You float gracefully downwards.
The gnoll hits you with a +0 spear.
You die...

♣≈# #g.$8$g.# ♣≈#
...g... ♣≈# ..g..
♣≈# ..g ♣≈# ##g##
♣≈# #...# ♣≈##
#...# ## ♣≈g# #..(#
#.
♣≈@######'''######§
♣≈.g.........).....
♣≈≈..........g.gg.≈
♣♣≈≈≈≈≈≈≈...≈≈≈≈≈≈≈
♣♣ggg............♣
♣♣♣...........♣♣♣
♣♣♣♣(......♣♣
♣♣)))♣♣♣♣ ♣♣÷♣♣


You could see 2 gnoll sergeants and 3 gnolls.

Vanquished Creatures
  A gargoyle (D:7)
  A sky beast (D:5)
  2 ice beasts
  An orc warrior (D:5)
  A phantom (D:5)
  A black bear (D:8)
  A necrophage (D:8)
  2 ogres (D:7)
  4 centaurs
  A bullfrog (D:7)
  A scorpion (D:7)
  A water moccasin skeleton (D:8)
  A howler monkey (D:8)
  2 crimson imps
  A quasit (D:8)
  A bullfrog zombie (D:8)
  A bullfrog skeleton (D:5)
  6 hounds
  2 orc wizards
  An iguana (D:8)
  3 worker ants
  A killer bee zombie (D:7)
  6 big kobold zombies (Ossuary)
  2 hound skeletons
  A mummy (Ossuary)
  Robin (D:3)
  7 gnolls
  12 adders
  A shadow imp (D:6)
  4 worms
  2 dart slugs
  3 leopard geckos
  11 orcs
  2 spectral bats (Ossuary)
  3 giant cockroaches
  6 gnoll zombies (Ossuary)
  7 hobgoblins
  9 jackals
  8 kobolds
  3 quokkas
  2 ball pythons
  10 bats
  2 bat simulacra (Ossuary)
  4 frilled lizards
  13 goblins
  3 goblin simulacra (Ossuary)
  5 goblin zombies (Ossuary)
  6 hobgoblin zombies (Ossuary)
  3 kobold simulacra (Ossuary)
  4 kobold zombies (Ossuary)
  2 leopard gecko skeletons (D:4)
  3 orc zombies (Ossuary)
  2 quokka zombies (D:5)
  7 rats
  3 rat simulacra (Ossuary)
  3 spectral goblins (Ossuary)
  2 spectral kobolds (Ossuary)
  2 spectral rats (Ossuary)
200 creatures vanquished.

Notes
Turn   | Place    | Note
-------+----------+-------------------------------------------
     0 | D:1      | BuffBuff the Minotaur Berserker began the quest for the
                  | Orb.
     0 | D:1      | Reached XP level 1. HP: 19/19 MP: 0/0
   327 | D:1      | Reached XP level 2. HP: 27/27 MP: 1/1
   409 | D:1      | Reached skill level 4 in Axes
  1018 | D:2      | Reached XP level 3. HP: 27/33 MP: 2/2
  1039 | D:2      | Reached ** piety under Trog
  1550 | D:2      | Reached XP level 4. HP: 39/40 MP: 3/3
  1812 | D:3      | Reached skill level 5 in Axes
  1850 | D:3      | Found a faded altar of an unknown god.
  1856 | D:3      | Reached *** piety under Trog
  1881 | D:3      | Noticed Robin
  1888 | D:3      | Killed Robin
  1891 | D:3      | Reached XP level 5. HP: 34/47 MP: 4/4
  2610 | D:4      | Reached XP level 6. HP: 48/55 MP: 5/5
  2621 | D:4      | Reached skill level 6 in Axes
  3012 | D:4      | Found a staircase to the Ecumenical Temple.
  3219 | D:5      | Entered Level 5 of the Dungeon
  3263 | D:5      | Reached skill level 5 in Fighting
  3267 | D:5      | Noticed an orc warrior
  3289 | D:5      | Killed an orc warrior
  3289 | D:5      | Reached XP level 7. HP: 7/61 MP: 6/6
  3650 | D:5      | Reached skill level 7 in Axes
  3650 | D:5      | Reached skill level 5 in Armour
  3916 | D:5      | Reached **** piety under Trog
  4395 | D:6      | Found a white marble altar of Elyvilon.
  4813 | D:6      | Reached skill level 8 in Axes
  4813 | D:6      | Reached skill level 5 in Dodging
  4813 | D:6      | Reached XP level 8. HP: 70/70 MP: 7/7
  5964 | D:7      | Found a white marble altar of Elyvilon.
  6221 | D:7      | Noticed a gargoyle
  6230 | D:7      | Killed a gargoyle
  6230 | D:7      | Reached skill level 9 in Axes
  6358 | D:8      | Found a sand-covered staircase.
  6364 | Ossuary  | Entered an ossuary
  6514 | Ossuary  | Reached ***** piety under Trog
  6740 | D:8      | Reached XP level 9. HP: 60/79 MP: 8/8
  6837 | D:8      | Found a flagged portal.
  6849 | D:8      | Reached skill level 10 in Axes
  6863 | Bailey   | Entered a bailey
  7242 | Bailey   | HP: 1/79 [gnoll/+0 halberd (7)]
  7302 | Bailey   | HP: 2/79 [gnoll sergeant/+0 glaive (3)]
  7307 | Bailey   | Slain by a gnoll

Levels and vault maps discovered:
D:1:      nicolae_arrival_somewhat_less_tricky_arrival, layout_basic,
          nrook_uturn
D:2:      layout_basic, first_ration
D:3:      layout_basic, chequers_ecumenical_altar_twisty, uniq_robin
D:4:      layout_layer_cave, minmay_temple_entry_arrows, grunt_ministairs_14
D:5:      layout_gridville
D:6:      layout_basic, lemuel_doored_altar
D:7:      layout_loops_corners, kennysheep_flooded_box
D:8:      layout_rooms, enter_bailey_6, nicolae_ossuary_entry_ruins
Bailey:   bailey_polearm_gnolls_kennysheep, bailey

Skill      XL: |  1  2  3  4  5  6  7  8  9 |
---------------+----------------------------+-----
Axes           | 4 5 6 8 9 10 | 10.3
Fighting       | 4 5 6 7 |  7.6
Armour         | 3 4 5 6 7 |  7.2
Dodging        | 3 4 5 6 |  6.6

Action                   |  1- 3 |  4- 6 |  7- 9 || total
-------------------------+-------+-------+-------++-------
Melee: Hand axe          |    93 |   146 |   272 ||   511
       Headbutt          |    12 |    23 |    83 ||   118
       War axe           |       |       |    50 ||    50
Invok: Berserk           |       |       |     2 ||     2
  Use: Scroll            |       |       |    21 ||    21
       Potion            |       |       |     4 ||     4
  Eat: Chunk             |     2 |     4 |     8 ||    14
       Ration            |       |       |     3 ||     3
Armor: Animal skin       |     6 |       |       ||     6
       Ring mail         |     8 |       |       ||     8
       Scale mail        |    23 |    47 |    98 ||   168
       Skin              |       |       |    22 ||    22
Dodge: Dodged            |    64 |   110 |   190 ||   364
